 Dungeon Crawl Stone Soup version 0.31-a0-149-g3fdcc5976a (webtiles) character file.

Game seed: 1504692244617495422

7 IdlyInterested the Trooper (level 1, 0/27 HPs)
             Began as a Demonspawn Fighter on June 7, 2023.
             Slain by a gnoll
             ... wielding a +0 spear
              (3 damage)
             ... on level 1 of the Dungeon.
             The game lasted 00:01:06 (109 turns).

IdlyInterested the Trooper (Demonspawn Fighter)      Turns: 109, Time: 00:01:07

Health: 0/27       AC: 20    Str: 16    XL:     1   Next: 91%
Magic:  1/1        EV:  2    Int:  9    God:
Gold:   12         SH:  4    Dex: 12    Spells: 0/0 levels left

rFire   . . .        (no weapon)
rCold   . . .        c - +0 buckler
rNeg    . . .        b - melded +0 scale mail
rPois   +            (helmet currently unavailable)
rElec   .            (cloak currently unavailable)
rCorr   .            (gloves currently unavailable)
SInv    .            (boots currently unavailable)
Will    .....        (no amulet)
Stlth   +            (no ring)
HPRegen 0.24/turn    (no ring)
MPRegen 0.07/turn

%: no passive effects
@: tree-form
A: stationary, stasis, torment immunity, boosted hp
a: no special abilities


You were on level 1 of the Dungeon.
You were a tree.
You visited 1 branch of the dungeon, and saw 1 of its levels.

You collected 12 gold pieces.

Inventory:

Hand Weapons
 a - a +0 war axe
Armour
 b - a +0 scale mail (melded)
 c - a +0 buckler (worn)
Potions
 d - a potion of might


   Skills:
 * Level 3.4 Fighting
 - Level 2.0 Axes
 - Level 2.6 Armour
 - Level 2.6 Shields


You couldn't memorise any spells.
You didn't know any spells.
Your spell library was empty.

Dungeon Overview and Level Annotations

Branches:
Dungeon (1/15)

Altars:


Message History

Your +0 scale mail melds into your body.
Your roots penetrate the ground.
The jackal bites you but does no damage.
You are now empty-handed.
The jackal bites you but does no damage.
You hit the jackal.
You kill the jackal!
Training target 2.0 for Axes reached!
Your Axes skill increases to level 2!
You hit the hobgoblin but do no damage. The hobgoblin hits you.
* * * LOW HITPOINT WARNING * * *
You block the gnoll's attack.
You hit the hobgoblin.
You kill the hobgoblin!
The gnoll hits you but does no damage.
Throw: 3 stones
Press: ? - help, Shift-Dir - straight line, f - gnoll
Aim: a gnoll, wielding a +0 spear (61% to hit)
You throw a stone. The stone barely misses the gnoll.
The gnoll hits you but does no damage.
Unknown command.
Throw: 2 stones
Press: ? - help, Shift-Dir - straight line, f/p - gnoll
Aim: a gnoll, wielding a +0 spear (61% to hit)
You throw a stone.
The stone hits the gnoll but does no damage.
The gnoll hits you but does no damage.
Throw: stone
Press: ? - help, Shift-Dir - straight line, f/p - gnoll
Aim: a gnoll, wielding a +0 spear (61% to hit)
You throw a stone.
The stone hits the gnoll but does no damage.
The gnoll hits you but does no damage.
Unknown command.
Okay, then.
As you read the scroll labelled ILEWYL WINLELL, it crumbles to dust.
The creatures around you are filled with an inner flame!
It was a scroll of immolation.
The gnoll hits you from afar with a +0 spear.
You die...

#.# .# #.#
.#
##########.#
.#
#..........#
.#
#.##########
#.####
#....#
#.##.# # #♣#
# ####. #†#
......####g#
#.......)..#
#.##...##.##
#... #)#
.h... ..#
..........#
.hg.g.....#


You could see a gnoll (inner flame).

Vanquished Creatures
  A hobgoblin (D:1)
  2 jackals (D:1)
  A bat (D:1)
  2 goblins (D:1)
  A rat (D:1)
7 creatures vanquished.

Notes
Turn   | Place    | Note
-------+----------+-------------------------------------------
     0 | D:1      | IdlyInterested the Demonspawn Fighter began the quest for
                  | the Orb.
     0 | D:1      | Reached XP level 1. HP: 18/18 MP: 1/1
   109 | D:1      | Slain by a gnoll

Illustrated notes

Levels and vault maps discovered:
D:1:      nicolae_arrival_somewhat_less_tricky_arrival, layout_loops_ring,
          grunt_decor_fettered

Skill      XL: |  1 |
---------------+----+-----
Axes           | 2 |  2.0
Fighting       | |  3.4
Armour         | |  2.6
Shields        | |  2.6

Action                     || total
---------------------------++-------
  Melee: War axe           ||    19
         Unarmed           ||     3
  Throw: Stone             ||     3
    Use: Scroll            ||     1
         Potion            ||     1
 Armour: Scale mail        ||    19
         Skin              ||     6
  Dodge: Dodged            ||    13
  Block: Buckler           ||    10

Table legend: (Time is in decaauts)
 A = Elapsed time spent in this place.
 B = Non-inter-level travel time spent in this place.
 C = Inter-level travel time spent in this place.
 D = Time resting spent in this place.
 E = Time spent auto-exploring this place.
 F = Levels seen in this place.
 G = Mean time per level.
                   A        B        C        D        E       F      G
               +--------+--------+--------+--------+--------+-----+--------+
         Total |    116 |    116 |      0 |      0 |     56 |   1 |  116.0 |
       Dungeon |    116 |    116 |      0 |      0 |     56 |   1 |  116.0 |
               +--------+--------+--------+--------+--------+-----+--------+

Top non-repeatable levels by time:
     D:1: 116 daAuts
